 Dungeon Crawl Stone Soup version 0.28-a0-1444-g6c55d0bc0c (webtiles) character file.

Game seed: 8633915413120068108

81 Deminshera the Ruffian (level 4, 0/41 HPs)
             Began as a Ghoul Monk on Jan 10, 2022.
             Slain by a jelly (3 damage)
             ... on level 3 of the Dungeon.
             The game lasted 00:01:39 (2354 turns).

Deminshera the Ruffian (Ghoul Monk)                 Turns: 2354, Time: 00:01:39

Health: 0/41       AC:  6    Str: 16    XL:     4   Next: 40%
Magic:  3/3        EV: 10    Int:  5    God:
Gold:   132        SH:  0    Dex: 11    Spells: 3/3 levels left

rFire   . . .      SeeInvis .   h - +0 dagger (venom)
rCold   + . .      Faith    .   (no shield)
rNeg    + + +      Spirit   .   c - +0 scale mail
rPois   ∞          Reflect  .   (no helmet)
rElec   .          Harm     .   (no cloak)
rCorr   .          Rampage  .   (no gloves)
Will    .....                   (no boots)
Stlth   ..........              (no amulet)
HPRegen 0.00/turn               (no ring)
MPRegen 0.08/turn               (no ring)

@: inhibited regen
A: claws 1, cold resistance 1, negative energy resistance 3, inhibited
regeneration, torment resistance 2
a: no special abilities


You were on level 3 of the Dungeon.
You visited 1 branch of the dungeon, and saw 3 of its levels.

You collected 132 gold pieces.

Inventory:

Hand Weapons
 h - a +0 dagger of venom (weapon)
Armour
 c - a +0 scale mail (worn)
Wands
 k - a wand of flame (15)
Scrolls
 a - a scroll of teleportation {unknown}
 b - 3 scrolls of identify {unknown}
 j - a scroll of holy word {unknown}
Potions
 d - a potion of flight {unknown}
 e - 2 potions of heal wounds {unknown}
 f - 2 potions of ambrosia {unknown}
 g - a potion of lignification {unknown}
 i - a potion of degeneration {unknown}


   Skills:
 + Level 4.5 Fighting
 - Level 2.6 Dodging
 - Level 2.1 Stealth
 + Level 4.6 Unarmed Combat


You had 3 spell levels left.
You didn't know any spells.
Your spell library contained the following spells:

 Spells                   Type           Power      Damage    Failure   Level
 Sting                    Tmut/Pois      0%         1d3       90%         1
 Corpse Rot               Necr/Air       0%         N/A       97%         2
 Poisonous Vapours        Pois/Air       0%         N/A       97%         2
 Olgreb's Toxic Radiance  Pois           0%         N/A       100%        4
 Alistair's Intoxication  Tmut/Pois      0%         N/A       100%        5
 Borgnjor's Vile Clutch   Necr/Erth      0%         N/A       100%        5
 Eringya's Noxious Bog    Tmut/Pois      0%         N/A       100%        6


Dungeon Overview and Level Annotations

Branches:
Dungeon (3/15)

Altars:
Gozag

Annotations:
D:3 alexyer's ghost, amateur MiGl


Innate Abilities, Weirdness & Mutations

You thrive by killing the living.
You are immune to poison.
You have sharp fingernails.
Your flesh is cold resistant. (rC+)
You are immune to negative energy. (rN+++)
You do not regenerate when monsters are visible.
You are immune to unholy pain and torment.


Message History

The jelly quivers.
Alexyer's ghost turns its malevolent gaze towards you.
No reachable target in view!
Could not explore, unopened runed door.
No reachable target in view!
Could not explore, unopened runed door.
No reachable target in view!
Could not explore, unopened runed door.
No reachable target in view!
You open the gate. You hit the jelly.
Your claws burn!
The jelly is lightly wounded.
The jelly barely misses you.
You hit the jelly. The acid corrodes you!
Your claws burn!
The jelly is moderately wounded.
The jelly hits you. The acid corrodes you!
You are splashed with acid!
You hit the jelly but do no damage.
Your claws burn!
The jelly is moderately wounded.
The jelly hits you.
* * * LOW HITPOINT WARNING * * *
The acid corrodes you!
You are splashed with acid!
* * * LOW HITPOINT WARNING * * *
Unknown command.
There is a stone staircase leading up here.
Alexyer's ghost whispers, "There is no future for you."
Okay, then.
The dart slug launches a dart at you. The slug dart misses you.
You are no longer corroded.
There is a stone staircase leading up here.
The dart slug bites you but does no damage.
You hit the dart slug.
The dart slug is poisoned.
The dart slug is moderately wounded.
The dart slug barely misses you. The jelly closely misses you.
You hit the dart slug.
The dart slug looks as sick as possible!
The dart slug is almost dead.
You kill the dart slug!
The jelly hits you.
You die...

#.# ####.###### #.# #.........#
######>###.##.####.#
#......[(..##.# #.#
#.####.######.# #.# #.# #.# #.#
#.# #.# #.# #.# #.# ###### #W#
#†# #.# #.# .....# #.# #@# #.#
#.#
#....######.####J######.####.###
#............W..W..............##
#.....###.###..........#####.....
##....# #.....########.# ###.##
....#.###..#### #.# #...
##..#......# #.# ####
....###.##.# #.# ....###.##.# #.#
##


You could see a jelly and alexyer's ghost.

Vanquished Creatures
  A gnoll (D:1)
  4 adders
  2 dart slugs
  An orc (D:3)
  3 endoplasms
  A giant cockroach (D:2)
  5 goblins
  A hobgoblin (D:1)
  2 quokkas
  3 ball pythons
  4 frilled lizards
  3 kobolds
  5 rats
35 creatures vanquished.

Notes
Turn   | Place    | Note
-------+----------+-------------------------------------------
     0 | D:1      | Deminshera the Ghoul Monk began the quest for the Orb.
     0 | D:1      | Reached XP level 1. HP: 19/19 MP: 0/0
   309 | D:1      | Reached XP level 2. HP: 24/26 MP: 1/1
   677 | D:1      | Reached XP level 3. HP: 33/33 MP: 2/2
   706 | D:1      | Found a faded altar of an unknown god.
  1707 | D:3      | Reached XP level 4. HP: 38/41 MP: 3/3
  2202 | D:3      | Found a runed translucent gate.
  2202 | D:3      | Found a runed translucent gate.
  2202 | D:3      | Found a runed translucent gate.
  2203 | D:3      | Found an opulent altar of Gozag.
  2204 | D:3      | Noticed alexyer's ghost (amateur MiGl)
  2354 | D:3      | Slain by a jelly

Illustrated notes

Levels and vault maps discovered:
D:1:      nagdon_arrival_zigzag_paths, layout_basic,
          shapermc_ecumenical_altar_pompeii
D:2:      layout_loops_ring, minmay_misc_feat_encased
D:3:      layout_loops_ring, ebering_ghost_gozag

Skill      XL: |  1  2  3 |
---------------+----------+-----
Fighting       | 4 |  4.5
Unarmed Combat | 4 |  4.6
Dodging        | |  2.6
Stealth        | |  2.1

Action                   |  1- 3 |  4- 6 || total
-------------------------+-------+-------++-------
Melee: Unarmed           |    32 |       ||    32
       Punch             |     6 |     2 ||     8
       Dagger            |    58 |    23 ||    81
Armor: Scale mail        |    31 |     9 ||    40
Dodge: Dodged            |    32 |    15 ||    47

Table legend: (Time is in decaauts)
 A = Elapsed time spent in this place.
 B = Non-inter-level travel time spent in this place.
 C = Inter-level travel time spent in this place.
 D = Time resting spent in this place.
 E = Time spent auto-exploring this place.
 F = Levels seen in this place.
 G = Mean time per level.
                   A        B        C        D        E       F      G
               +--------+--------+--------+--------+--------+-----+--------+
         Total |   2351 |   2288 |     63 |      0 |   1969 |   3 |  783.7 |
       Dungeon |   2351 |   2288 |     63 |      0 |   1969 |   3 |  783.7 |
               +--------+--------+--------+--------+--------+-----+--------+

Top non-repeatable levels by time:
     D:1: 865 daAuts
     D:3: 742 daAuts
     D:2: 742 daAuts
